 Dungeon Crawl Stone Soup version 0.24-a0-201-gf205589 (webtiles) character file.

Game seed: 13792785896978802673

1001 Borgoz the Cutter (level 8, -12/54 HPs)
             Began as a Halfling Fighter on Mar 24, 2019.
             Was an Initiate of Ashenzari.
             Killed by nerve-wracking pain
             ... invoked by an orc priest
              (14 damage)
             ... on level 5 of the Dungeon.
             The game lasted 00:09:50 (5675 turns).

Borgoz the Cutter (Halfling Fighter)                Turns: 5675, Time: 00:09:51

Health: -12/54     AC:  8    Str: 13    XL:     8   Next: 43%
Magic:  10/10      EV: 13    Int:  7    God:    Ashenzari [......]
Gold:   176        SH: 10    Dex: 20    Spells: 10/10 levels left

rFire    . . .     SeeInvis .   a - +0 rapier
rCold    . . .     Gourm    .   c - +0 shield
rNeg     . . .     Faith    .   t - +1 ring mail of the Centipede {MR+ Str-4 Slay+3} (curse)
rPois    .         Spirit   .   n - +0 helmet
rElec    .         Reflect  .   (no cloak)
rCorr    .         Harm     .   (no gloves)
MR       +....                  (no boots)
Stlth    ++........             (no amulet)
HPRegen  0.18/turn              e - +5 ring of dexterity
MPRegen  0.12/turn              (no ring)

@: about to teleport
A: small, mutation resistance 1
a: Curse Item, Renounce Religion


You were on level 5 of the Dungeon.
You worshipped Ashenzari.
Ashenzari was noncommittal.
You were not hungry.

You visited 2 branches of the dungeon, and saw 6 of its levels.

You collected 176 gold pieces.

Inventory:

Hand Weapons
 a - a +0 rapier (weapon)
Missiles
 k - 16 tomahawks (quivered)
Armour
 c - a +0 shield (worn)
 m - a +0 ring mail
 n - a +0 helmet (worn)
 t - the cursed +1 ring mail of the Centipede (worn) {MR+ Str-4 Slay+3}
   (You found it on level 4 of the Dungeon)

   It affects your strength (-4).
   It affects your accuracy and damage with ranged weapons and melee attacks
   (+3).
   It affects your resistance to hostile enchantments.
   It has a curse placed upon it.
Jewellery
 e - a +5 ring of dexterity (left hand)
Wands
 i - a wand of clouds (8)
Scrolls
 l - 4 scrolls of remove curse
 p - a scroll of teleportation
 r - 2 scrolls of amnesia {unknown}
Potions
 b - a potion of flight
 d - a potion of might
 g - a potion of agility
 h - a potion of brilliance
 j - a potion of resistance
 s - a potion of haste
Comestibles
 f - 6 rations


   Skills:
 + Level 3.7 Fighting
 * Level 5.5 Short Blades
 + Level 2.4 Throwing
 * Level 5.3 Armour
 * Level 3.9 Dodging
 + Level 2.7 Stealth
 + Level 4.4 Shields
 + Level 1.6 Spellcasting


You had 10 spell levels left.
You didn't know any spells.
Your spell library was empty.

Dungeon Overview and Level Annotations

Branches:
Dungeon (5/15)             Temple (1/1) D:4

Altars:
Ashenzari
Cheibriados
Dithmenos
Elyvilon
Fedhas
Gozag
Hepliaklqana
Kikubaaqudgha
Makhleb
Okawaru
Ru
Sif Muna
Trog
Uskayaw
Vehumet
Xom
The Shining One


Innate Abilities, Weirdness & Mutations

You are small and have problems with some larger weapons.
You are somewhat resistant to further mutation.


Message History

The giant cockroach is almost dead.
The giant cockroach bites you but does no damage.
The orc priest mumbles some strange prayers to Beogh against you.
Beogh smites you!
* * * LOW HITPOINT WARNING * * *
A jackal comes into view.
The giant cockroach bites you but does no damage.
Okay, then.
Okay, then.
As you read the scroll of teleportation, it crumbles to dust.
You feel strangely unstable. The giant cockroach misses you.
You puncture the giant cockroach!
You kill the giant cockroach!
You block the bat's attack.
You hit the bat.
The bat is moderately wounded.
The bat misses you. You block the bat's attack.
The orc priest calls down the wrath of Beogh upon you.
Pain shoots through your body!
You die...

#........ #<.......
#........ #........
#.####.## ### .## # .. #
##.# #..# ####@#### #
###s##)##.+
.##.###....bo##.#+#
......)...h..##.(.# #
......†.$.>#.##..# ..
.........#......<###...
.........###.##).......#
%........# #.##.##.....#
.#..#..#.###..#....#####


You could see an orc priest, a jackal and a bat.

Vanquished Creatures
  Sigmund (D:2)
  2 phantoms (D:4)
  2 ogres (D:4)
  A scorpion (D:5)
  A howler monkey (D:4)
  2 hounds
  An orc wizard (D:5)
  A bullfrog zombie (D:5)
  2 worker ants (D:4)
  Robin (D:2)
  A gnoll (D:4)
  9 adders
  An ooze (D:1)
  An adder skeleton (D:4)
  A worm (D:3)
  2 dart slugs
  4 leopard geckos
  22 orcs
  12 bats
  9 giant cockroaches
  18 goblins
  6 hobgoblins
  7 jackals
  2 quokkas (D:2)
  2 ball pythons (D:2)
  4 frilled lizards
  A jackal skeleton (D:5)
  4 kobolds
  A quokka skeleton (D:4)
  4 rats
125 creatures vanquished.

Notes
Turn   | Place    | Note
-------+----------+-------------------------------------------
     0 | D:1      | Borgoz the Halfling Fighter began the quest for the Orb.
     0 | D:1      | Reached XP level 1. HP: 15/15 MP: 1/1
   163 | D:1      | Reached XP level 2. HP: 14/20 MP: 2/2
   825 | D:2      | Noticed Robin
   834 | D:1      | Reached skill level 1 in Dodging
   931 | D:1      | Reached XP level 3. HP: 19/25 MP: 3/3
  1143 | D:2      | Killed Robin
  1164 | D:2      | Reached XP level 4. HP: 16/31 MP: 4/4
  1265 | D:2      | Noticed Sigmund
  1389 | D:2      | Killed Sigmund
  1389 | D:2      | Reached skill level 1 in Throwing
  1389 | D:2      | Reached skill level 1 in Stealth
  1389 | D:2      | Reached XP level 5. HP: 20/36 MP: 4/6
  1389 | D:2      | Reached XP level 6. HP: 23/42 MP: 4/7
  1568 | D:2      | Found a radiant altar of Vehumet.
  1615 | D:2      | Found an opulent altar of Gozag.
  1730 | D:2      | Found a white marble altar of Elyvilon.
  2195 | D:3      | Found a sacrificial altar of Ru.
  2311 | D:3      | Reached skill level 1 in Spellcasting
  2527 | D:3      | Found a shattered altar of Ashenzari.
  2533 | D:3      | Became a worshipper of Ashenzari the Shackled
  2645 | D:3      | Found a shadowy altar of Dithmenos.
  2949 | D:4      | Reached XP level 7. HP: 28/46 MP: 8/8
  3402 | D:4      | Found a staircase to the Ecumenical Temple.
  3496 | Temple   | Entered the Ecumenical Temple
  4110 | D:4      | Reached skill level 5 in Short Blades
  4110 | D:4      | Reached skill level 5 in Armour
  4110 | D:4      | Reached XP level 8. HP: 37/52 MP: 10/10
  4220 | D:5      | Entered Level 5 of the Dungeon
  4523 | D:4      | Got the cursed ring mail of the Centipede {MR+ Str-4
                  | Slay+3}
  4534 | D:4      | Identified the cursed +1 ring mail of the Centipede {MR+
                  | Str-4 Slay+3} (You found it on level 4 of the Dungeon)
  5098 | D:4      | Found an iron altar of Okawaru.
  5672 | D:5      | HP: 1/54 [orc priest/divine providence (13)]
  5675 | D:5      | Killed from afar by an orc priest

Levels and vault maps discovered:
D:1:      wheals_arrival_linesprint, layout_basic
D:2:      layout_loops_cross, lemuel_crystal_altar, lemuel_doored_altar,
          elyvilon_altar_5, uniq_robin, uniq_sigmund
D:3:      layout_basic, nicolae_dithmenos_shadow_blocks,
          cheibrodos_ashenzari_chains, hangedman_ru_absence, feat_on_display
D:4:      layout_basic, okawaru_altar_gauntlet_db, minmay_temple_entry_grid,
          first_ration
D:5:      layout_rooms, serial_shops, nicolae_shop_waterfront,
          nicolae_shop_crystal, nicolae_shop_behind_doors, nicolae_shop_trees,
          shop, roderic_batcave, minmay_misc_feat_diagonals, uniq_pikel,
          uniq_grinder, uniq_menkaure
Temple:   jpeg_temple_alley_garden

Skill      XL: |  1  2  3  4  5  6  7 |
---------------+----------------------+-----
Dodging        | 1 2 3 |  3.9
Short Blades   | 3 4 5 |  5.5
Fighting       | 3 |  3.7
Throwing       | 1 2 |  2.4
Armour         | 4 5 |  5.3
Stealth        | 1 2 |  2.7
Spellcasting   | 1 |  1.6
Shields        | 4 |  4.4

Action                   |  1- 3 |  4- 6 |  7- 9 || total
-------------------------+-------+-------+-------++-------
Melee: Rapier            |    75 |   231 |   227 ||   533
Throw: Tomahawk          |       |       |     2 ||     2
  Use: Scroll            |       |     9 |     4 ||    13
       Potion            |       |       |     7 ||     7
 Stab: Sleeping          |       |       |     1 ||     1
  Eat: Chunk             |     1 |     6 |     5 ||    12
       Ration            |       |       |     1 ||     1
Armor: Scale mail        |    43 |    77 |    12 ||   132
       Skin              |       |       |    19 ||    19
       Ring mail         |       |       |    37 ||    37
Dodge: Dodged            |    44 |    92 |    83 ||   219
Block: Shield            |    57 |   127 |   113 ||   297

Table legend:
 A = Non-vault XP
 B = Vault XP
 C = Vault XP percentage of total XP
 D = Non-vault monster count
 E = Vault monster count
 F = Vault count percentage of total count
                 A         B        C        D         E       F
            +---------+---------+-------+---------+---------+-------
      Total |    1149 |     281 |  19.7 |     102 |      23 |  18.4
            +---------+---------+-------+---------+---------+-------
        D:1 |      25 |      20 |  44.4 |      11 |      10 |  47.6
        D:2 |     107 |     228 |  68.1 |      26 |       2 |   7.1
        D:3 |     119 |       0 |   0.0 |      33 |       0 |   0.0
        D:4 |     686 |      26 |   3.7 |      23 |       6 |  20.7
        D:5 |     212 |       7 |   3.2 |       9 |       5 |  35.7
            +---------+---------+-------+---------+---------+-------
